 Dungeon Crawl Stone Soup version 0.31.0-32-g396128a36d (webtiles) character file.

Game seed: 7738146122928094000

3773 nshep25 the Cleaver (level 9, 0/79 HPs)
             Began as a Minotaur Fighter on Apr 14, 2024.
             Was an Elder of Okawaru.
             Succumbed to Grum's poison
             ... on level 8 of the Dungeon.
             The game lasted 00:16:21 (7338 turns).

nshep25 the Cleaver (Minotaur Fighter)              Turns: 7338, Time: 00:16:21

Health: 0/79       AC: 12    Str: 25    XL:     9   Next: 94%
Magic:  8/8        EV: 11    Int:  5    God:    Okawaru [****..]
Gold:   349        SH:  0    Dex: 10    Spells: 8/8 levels left

rFire   . . .        n - +4 battleaxe
rCold   . . .        (shield currently unavailable)
rNeg    . . .        b - +0 scale mail
rPois   .            (helmet restricted)
rElec   .            (no cloak)
rCorr   .            k - +0 pair of gloves
SInv    +            t - +1 pair of boots
Will    .....        (no amulet) Stlth
                     f - ring of see invisible
HPRegen 0.33/turn    (no ring)
MPRegen 0.11/turn

%: no passive effects
@: lethally poisoned (0 -> -14), hasted, very quick
A: horns 2, retaliatory headbutt
a: Renounce Religion, Heroism, Finesse


You were on level 8 of the Dungeon.
You worshipped Okawaru.
Okawaru was greatly pleased with you.
You visited 1 branch of the dungeon, and saw 8 of its levels.

You collected 349 gold pieces.

Inventory:

Hand Weapons
 a - a +1 war axe
 n - a +4 battleaxe (weapon)
Missiles
 x - 2 boomerangs (quivered)
Armour
 b - a +0 scale mail (worn)
 c - a +0 buckler
 k - a +0 pair of gloves (worn)
 t - a +1 pair of boots (worn)
Jewellery
 f - a ring of see invisible (left hand)
Wands
 s - a wand of flame (26)
 w - a wand of roots (7)
Scrolls
 e - a scroll of blinking
 g - 2 scrolls of enchant armour
 j - 4 scrolls of identify
 o - a scroll of poison
 q - a scroll of immolation
 v - 3 scrolls of fear
Potions
 d - 3 potions of might
 h - a potion of enlightenment {unknown}
 i - a potion of ambrosia
 l - a potion of haste
 m - a potion of heal wounds {unknown}
 p - a potion of lignification {unknown}


   Skills:
 + Level 7.6 Fighting
 + Level 12.2 Axes
 + Level 0.2 Throwing
 + Level 8.4 Armour
 + Level 3.7 Dodging
 + Level 1.4 Stealth
 + Level 5.7 Shields


You had 8 spell levels left.
You didn't know any spells.
Your spell library contained the following spells:

 Spells                   Type           Power      Damage    Failure   Level
 Cigotuvi's Dreadful Rot  Necr/Alch/Air  0%         N/A       86%         2
 Mercury Vapours          Alch/Air       0%         N/A       86%         2
 Static Discharge         Conj/Air       0%         3-3/arc   86%         2
 Inner Flame              Hex/Fire       0%         N/A       98%         3
 Mephitic Cloud           Conj/Alch/Air  0%         N/A       98%         3
 Airstrike                Air            0%         2d(0-16)  100%        4
 Flame Wave               Conj/Fire      0%         2d4       100%        4
 Ignite Poison            Fire/Alch      0%         N/A       100%        4
 Sticky Flame             Fire/Alch      0%         2d4       100%        4
 Freezing Cloud           Conj/Ice/Air   0%         6-21      100%        5
 Summon Lightning Spire   Summ/Air       Unusable   N/A       N/A         4

Dungeon Overview and Level Annotations

Branches:
Dungeon (8/15)             Temple (0/1) D:4
   Lair: D:8-11

Altars:
Gozag
Okawaru
Qazlal
Ru
The Shining One

Annotations:
D:8 Grum


Innate Abilities, Weirdness & Mutations

You have a pair of horns on your head.
You reflexively headbutt those who attack you in melee.


Message History

The wolf barely misses you. You furiously retaliate!
You headbutt the wolf!
You kill the wolf!
Okawaru accepts your kill. The wolf bites you but does no damage.
The wolf closely misses you.
Grum hits you from afar with a +0 glaive of venom!
You are poisoned.
The wolf bites you!
* * * LOW HITPOINT WARNING * * *
You are too injured to fight recklessly!
You are too injured to fight recklessly!
Unknown command.
You are confused.
You feel invigorated.
* * * LOW HITPOINT WARNING * * *
You feel very sick. The wolf barely misses you.
The wolf bites you but does no damage. Grum closely misses you.
The wolf bites you.
* * * LOW HITPOINT WARNING * * *
The wolf barely misses you.
You slice the wolf!!
You kill the wolf!
Okawaru accepts your kill.
You hit the wolf.
You feel very sick. The wolf bites you but does no damage.
Grum hits you from afar with a +0 glaive of venom!
* * * LOW HITPOINT WARNING * * *
You are more poisoned.
You bump into the rock wall.
You feel less invigorated.
You feel less confused.
* * * LOW HITPOINT WARNING * * *
You feel very sick. The wolf closely misses you. You furiously retaliate!
You headbutt the wolf, but do no damage.
The wolf bites you!
* * * LOW HITPOINT WARNING * * *
Grum points his finger and barks, "Attack!"
Grum barely misses you.
It was a potion of haste.
You feel yourself speed up.
You die...

.........
....... ......
..... ...# #g.#
#h†# #
...##†@#####.#
.............#
.........#...###
........###....#
.......####..###
.......##...##
#..........##
##..........#
#...........#


You could see Grum and a wolf.

Vanquished Creatures
  Pikel (D:7)
  3 water moccasins
  An ice beast (D:7)
  An orc warrior (D:7)
  2 sky beasts (D:6)
  3 black bears
  3 wolves (D:8)
  A phantom (D:5)
  A kobold brigand (D:7)
  2 bullfrogs
  6 scorpions
  8 wights
  3 howler monkeys (D:7)
  5 jellies
  2 bombardier beetles
  4 hounds
  2 orc priests
  3 iguanas (D:6)
  2 gnoll boudas
  3 orc wizards
  9 gnolls
  6 adders
  2 white imps
  2 ufetubi (D:6)
  3 dart slugs
  3 ribbon worms
  25 orcs
  10 ball pythons
  8 endoplasms
  4 giant cockroaches
  12 goblins
  5 hobgoblins
  15 kobolds
  3 quokkas
  8 bats
  6 frilled lizards
  6 rats
183 creatures vanquished.

Notes
Turn   | Place    | Note
-------+----------+-------------------------------------------
     0 | D:1      | nshep25 the Minotaur Fighter began the quest for the Orb.
     0 | D:1      | Reached XP level 1. HP: 19/19 MP: 0/0
   118 | D:1      | Reached XP level 2. HP: 24/27 MP: 1/1
   752 | D:2      | Reached skill level 3 in Axes
   844 | D:2      | Reached XP level 3. HP: 33/33 MP: 2/2
   998 | D:2      | Found a faded altar of an unknown god.
  1665 | D:3      | Found an iron altar of Okawaru.
  1699 | D:3      | Became a worshipper of Warmaster Okawaru
  1743 | D:3      | Reached skill level 4 in Axes
  1743 | D:3      | Reached XP level 4. HP: 40/40 MP: 3/3
  2494 | D:4      | Found a staircase to the Ecumenical Temple.
  2495 | D:4      | Found a sacrificial altar of Ru.
  2538 | D:4      | Reached XP level 5. HP: 43/46 MP: 4/4
  2555 | D:4      | Found a glowing golden altar of the Shining One.
  2662 | D:4      | Identified the +6 dagger "Loro" {antimagic, *Slow rElec
                  | rF++ Str+3}
  2687 | D:4      | Reached skill level 5 in Axes
  2746 | D:4      | Reached skill level 1 in Dodging
  2882 | D:4      | Reached * piety under Okawaru
  2883 | D:4      | Reached skill level 5 in Armour
  2883 | D:4      | Reached XP level 6. HP: 43/53 MP: 5/5
  3443 | D:5      | Entered Level 5 of the Dungeon
  3459 | D:5      | Noticed a water moccasin
  3465 | D:5      | Killed a water moccasin
  3466 | D:5      | Reached skill level 6 in Axes
  3483 | D:5      | Reached XP level 7. HP: 54/60 MP: 6/6
  3517 | D:5      | Reached skill level 5 in Fighting
  3598 | D:5      | Reached skill level 7 in Axes
  3932 | D:5      | Found a stormy altar of Qazlal.
  3951 | D:5      | Reached ** piety under Okawaru
  4222 | D:5      | Reached XP level 8. HP: 70/70 MP: 7/7
  4319 | D:5      | Reached skill level 8 in Axes
  4714 | D:6      | Reached skill level 9 in Axes
  4856 | D:6      | Reached *** piety under Okawaru
  4857 | D:6      | Reached skill level 5 in Shields
  5266 | D:6      | Found an opulent altar of Gozag.
  5676 | D:6      | Reached skill level 10 in Axes
  5676 | D:6      | Reached skill level 1 in Stealth
  5679 | D:6      | Reached XP level 9. HP: 59/78 MP: 8/8
  6253 | D:7      | Reached skill level 11 in Axes
  6519 | D:7      | Reached **** piety under Okawaru
  6673 | D:7      | Noticed Pikel
  6685 | D:7      | Killed Pikel
  6686 | D:7      | Reached skill level 12 in Axes
  7330 | D:8      | Noticed Grum
  7338 | D:8      | Succumbed to Grum's poison

Illustrated notes

Levels and vault maps discovered:
D:1:      dpeg_arrival_boxorama, layout_loops_ring, minivault_14,
          serial_bayou_crossing
D:2:      layout_basic, nicolae_ecumenical_oubliette, serial_park_tiny_1
D:3:      layout_loops_ring, overflow_temple_1_default
D:4:      layout_loops_corners, tso_metal_star, mainiacjoe_overflow_brackets,
          minmay_temple_entry_statues_pillars, chequers_serial_rivers_micro_a
D:5:      layout_loops_ring, grunt_qazlal_clouds, ldierk_geyser,
          nicolae_concentric_dashed_squares_mild
D:6:      layout_basic, grunt_gozag_statues, minmay_joined_circles
D:7:      layout_basic, chequers_serial_rivers_micro_a, uniq_pikel
D:8:      layout_layer_cave, fedhas_bush_and_centaur_altar,
          nicolae_shop_self_help, uniq_grum

Skill      XL: |  1  2  3  4  5  6  7  8  9 |
---------------+----------------------------+-----
Shields        | 4 5 |  5.7
Fighting       | 4 5 6 7 |  7.6
Axes           | 3 4 5 6 7 10 12 | 12.2
Armour         | 4 5 6 7 8 |  8.4
Dodging        | 1 2 3 |  3.7
Stealth        | 1 |  1.4
Throwing       | |  0.2

Action                     |  1- 3 |  4- 6 |  7- 9 || total
---------------------------+-------+-------+-------++-------
  Melee: War axe           |   113 |   105 |   203 ||   421
         Headbutt          |    13 |    14 |    42 ||    69
         Battleaxe         |       |       |    27 ||    27
  Throw: Boomerang         |       |       |     2 ||     2
    Use: Scroll            |       |       |    11 ||    11
         Potion            |       |       |     2 ||     2
 Armour: Scale mail        |    89 |    75 |   178 ||   342
  Dodge: Dodged            |    52 |    52 |   122 ||   226
  Block: Buckler           |    29 |    30 |    50 ||   109
